 Dungeon Crawl Stone Soup version 0.26-a0-58-g79b31b8662 (webtiles) character file.

Game seed: 10822640594132789108

69 BritishOli the Skirmisher (level 4, 0/36 HPs)
             Began as a Demonspawn Monk on June 8, 2020.
             Succumbed to an adder's poison
             ... on level 1 of the Dungeon.
             The game lasted 00:01:41 (1238 turns).

BritishOli the Skirmisher (Demonspawn Monk)         Turns: 1238, Time: 00:01:41

Health: 0/36       AC:  3    Str: 13    XL:     4   Next: 2%
Magic:  4/4        EV: 13    Int: 11    God:
Gold:   48         SH:  0    Dex: 15    Spells: 3/3 levels left

rFire    . . .     SeeInvis .   a - +0 falchion
rCold    . . .     Gourm    .   (no shield)
rNeg     . . .     Faith    .   k - +0 leather armour
rPois    .         Spirit   .   (no helmet)
rElec    .         Reflect  .   (no cloak)
rCorr    .         Harm     .   (no gloves)
MR       .....                  (no boots)
Stlth    +++.......             (no amulet)
HPRegen  0.12/turn              f - ring of stealth
MPRegen  0.09/turn              (no ring)

@: lethally poisoned (0 -> -2)
A: powered by pain 1
a: no special abilities


You were on level 1 of the Dungeon.
You were very hungry.

You visited 1 branch of the dungeon, and saw 2 of its levels.

You collected 48 gold pieces.

Inventory:

Hand Weapons
 a - a +0 falchion (weapon)
Armour
 b - a +0 robe
 k - a +0 leather armour (worn)
Jewellery
 f - a ring of stealth (left hand)
Scrolls
 d - 2 scrolls of identify {unknown}
 e - 3 scrolls of remove curse {unknown}
 h - a scroll of enchant weapon {unknown}
Potions
 g - a potion of curing {unknown}
 i - a potion of flight {unknown}
 j - a potion of heal wounds {unknown}
 l - 2 potions of haste {unknown}
Comestibles
 c - 4 rations


   Skills:
 + Level 3.6 Fighting
 + Level 3.2 Long Blades
 + Level 1.3 Armour
 + Level 3.2 Dodging
 - Level 1.7 Stealth


You had 3 spell levels left.
You didn't know any spells.
Your spell library was empty.

Dungeon Overview and Level Annotations

Branches:
Dungeon (2/15)

Altars:


Innate Abilities, Weirdness & Mutations

You sometimes gain a little power by taking damage.


Message History

You open the door.
You feel sick. The kobold hits you with a +0 dagger.
* * * LOW HITPOINT WARNING * * *
There is an open door here.
You feel sick.
There is an escape hatch in the ceiling here.
You feel sick. A mysterious force pulls you upwards.
The hatch slams shut behind you.
You feel sick.
You are too injured to fight recklessly!
The kobold barely misses you. Why would you want to do that?
You closely miss the kobold. The kobold closely misses you.
You closely miss the kobold.
You feel sick. The kobold hits you with a +0 dagger.
* * * LOW HITPOINT WARNING * * *
You barely miss the kobold. The kobold hits you but does no damage.
You hit the kobold but do no damage. The kobold closely misses you.
You riposte.
You closely miss the kobold. You closely miss the kobold.
You die...

######.....### #..######...[
##..### ###............
#.#######.............#
#...#.........######.##
##........######........
#.....#####.......§...P.
#...###..........≈≈≈.§.≈
##########..##......≈≈≈§§≈≈≈§.P.≈
.....##.....#...@K≈≈≈§§≈≈§≈§≈P..≈
.......)....#.≈≈≈.≈.#≈≈§≈§≈######
...........##≈§≈#≈.≈#≈≈≈≈###
.....#.)#####≈≈≈#.≈≈#§≈≈##
.....#.## #≈≈≈#≈.§#§≈≈# ######.#
#≈≈§#≈≈.#≈≈≈# #.# #≈≈≈#≈≈.#≈≈≈#
#.# #.§§#...#...# #.#
#...'...'...####


You could see a kobold.

Vanquished Creatures
  3 adders (D:2)
  2 oozes (D:1)
  3 dart slugs (D:1)
  A leopard gecko (D:1)
  A giant cockroach (D:1)
  2 goblins (D:1)
  4 hobgoblins (D:1)
  2 bats
  2 frilled lizards (D:1)
  4 kobolds (D:1)
  6 rats
30 creatures vanquished.

Notes
Turn   | Place    | Note
-------+----------+-------------------------------------------
     0 | D:1      | BritishOli the Demonspawn Monk began the quest for the Orb.
     0 | D:1      | Reached XP level 1. HP: 18/18 MP: 1/1
   209 | D:1      | Gained mutation: You sometimes gain a little power by
                  | taking damage. [demonic ancestry]
   209 | D:1      | Reached XP level 2. HP: 24/24 MP: 2/2
   556 | D:1      | Reached skill level 1 in Armour
   556 | D:1      | Reached XP level 3. HP: 29/29 MP: 3/3
  1225 | D:2      | Reached XP level 4. HP: 12/36 MP: 4/4
  1235 | D:1      | HP: 1/36 [kobold/+0 dagger (4)]
  1238 | D:1      | Succumbed to an adder's poison

Illustrated notes

Levels and vault maps discovered:
D:1:      dpeg_arrival_water_fire, layout_rooms, st_stairs_5,
          minmay_tetromino_s2
D:2:      layout_basic, minmay_joined_circles

Skill      XL: |  1  2 |
---------------+-------+-----
Dodging        | 3 |  3.2
Long Blades    | 3 |  3.2
Armour         | 1 |  1.3
Fighting       | |  3.6
Stealth        | |  1.7

Action                   |  1- 3 |  4- 6 || total
-------------------------+-------+-------++-------
Melee: Falchion          |    87 |     5 ||    92
 Stab: Sleeping          |     5 |       ||     5
Armor: Robe              |    11 |       ||    11
       Leather armour    |     4 |     1 ||     5
Dodge: Dodged            |    84 |     3 ||    87
       Rpst.: Falchion   |    31 |     1 ||    32

Table legend:
 A = Non-vault XP
 B = Vault XP
 C = Vault XP percentage of total XP
 D = Non-vault monster count
 E = Vault monster count
 F = Vault count percentage of total count
                 A         B        C        D         E       F
            +---------+---------+-------+---------+---------+-------
      Total |      42 |      57 |  57.6 |      22 |       8 |  26.7
            +---------+---------+-------+---------+---------+-------
        D:1 |      40 |      16 |  28.6 |      21 |       4 |  16.0
        D:2 |       2 |      41 |  95.3 |       1 |       4 |  80.0
            +---------+---------+-------+---------+---------+-------
